 Dungeon Crawl Stone Soup version 0.32-a0-40-g2adb59a (webtiles) character file.

Game seed: 11130831749085906070

409 Dorkslayer the Ruffian (level 6, -4/40 HPs)
             Began as an Octopode Shapeshifter on Jan 24, 2024.
             Slain by an orc warrior
             ... wielding a +0 mace of protection
              (10 damage)
             ... on level 4 of the Dungeon.
             The game lasted 00:08:41 (2924 turns).

Dorkslayer the Ruffian (Octopode Shapeshifter)      Turns: 2924, Time: 00:08:41

Health: -4/40      AC:  1    Str: 15    XL:     6   Next: 89%
Magic:  6/6        EV: 13    Int: 12    God:
Gold:   183        SH:  0    Dex: 12    Spells: 5/5 levels left

rFire   + . .        h - +7 long sword "Cefie" {flame, *Slow rN+ SInv}
rCold   . . .        (no shield)
rNeg    + + .        (helmet currently unavailable)
rPois   .            (no amulet)
rElec   .            d - ring of protection from fire
rCorr   .            f - ring of positive energy
SInv    +            m - ring of see invisible
Will    .....        (no ring)
Stlth   +++          (no ring)
HPRegen 0.26/turn    (no ring)
MPRegen 0.10/turn    (no ring)
                     (no ring)

%: slow self (1%)
@: beast-form
A: beast (slay +2), almost no armour, amphibious, 8 rings, camouflage 1,
gelatinous body 1, (nimble swimmer 1), tentacles
a: Begin Untransformation


You were on level 4 of the Dungeon.
You were a hulking beast.
You visited 1 branch of the dungeon, and saw 4 of its levels.

You collected 183 gold pieces.

Inventory:

Hand Weapons
 a - a +0 long sword
 h - the +7 long sword "Cefie" (weapon) {flame, *Slow rN+ SInv}
   (You found it on level 2 of the Dungeon)

   rN+:       It protects you from negative energy.
   SInv:      It lets you see invisible.
   *Slow:     It may slow you when you take damage.
Missiles
 e - 3 boomerangs
 j - 6 curare-tipped darts (quivered)
Jewellery
 d - a ring of protection from fire (left tentacle)
 f - a ring of positive energy (right tentacle)
 m - a ring of see invisible (on tentacle)
Talismans
 b - a beast talisman
 c - a flux talisman
Scrolls
 g - a scroll of fear {unknown}
 k - 2 scrolls of teleportation
 l - a scroll of immolation
Potions
 i - a potion of mutation


   Skills:
 * Level 2.3 Fighting
 * Level 4.0 Long Blades
 * Level 3.0 Dodging
 + Level 3.0 Stealth
 - Level 4.1 Unarmed Combat
 + Level 3.5 Shapeshifting


You had 5 spell levels left.
You didn't know any spells.
Your spell library contained the following spells:

 Spells                   Type           Power      Damage    Failure   Level
 Apportation              Tloc           0%         N/A       32%         1
 Magic Dart               Conj           0%         1d3       32%         1
 Necrotise                Necr           0%         1d4       32%         1
 Sting                    Conj/Alch      0%         1d3       32%         1
 Summon Small Mammal      Summ           0%         N/A       32%         1
 Searing Ray              Conj           0%         2d4       45%         2
 Call Canine Familiar     Summ           0%         N/A       69%         3
 Inner Flame              Hex/Fire       0%         N/A       69%         3
 Sigil of Binding         Hex            0%         N/A       69%         3
 Dimensional Bullseye     Hex/Tloc       0%         N/A       97%         4
 Flame Wave               Conj/Fire      0%         2d4       97%         4
 Fulminant Prism          Conj/Alch      0%         3d5       97%         4
 Sticky Flame             Fire/Alch      0%         2d4       97%         4


Dungeon Overview and Level Annotations

Branches:
Dungeon (4/15)
 Temple: D:4-7

Altars:
Gozag
Xom
Yredelemnul

Shops:
D:1 ?

Annotations:
D:3 Pargi


Innate Abilities, Weirdness & Mutations

You are a hulking beast.
Your limbs bulge with bestial killing power. (Slay +2)
You cannot wear most types of armour.
You are amphibious.
You can wear up to eight rings at the same time.
Your skin changes colour to match your surroundings (Stealth+).
Your rubbery body absorbs attacks. (AC +1, EV +1)
((You are camouflaged when in or above water. (Stealth+)))
You have tentacles for arms and can constrict up to eight enemies at once.


Message History

The orc priest shouts!
You slash the orc wizard! You burn the orc wizard. You grab the orc wizard.
The orc wizard is almost dead.
You constrict the orc wizard. The orc warrior closely misses you.
The orc wizard hits you with a +0 dagger.
You slash the orc wizard! You burn the orc wizard.
You kill the orc wizard!
The orc warrior closely misses you.
You barely miss the orc warrior. You grab the orc warrior.
You constrict the orc warrior.
The orc warrior hits you with a +0 mace of protection!
The orc wizard hits you with a +0 dagger.
The orc warrior barely misses you.
The orc wizard casts a spell.
The orc wizard flickers and vanishes for a moment.
You slash the orc wizard! You burn the orc wizard!
You kill the orc wizard!
You constrict the orc warrior, but do no damage.
The orc warrior completely misses you.
Your Long Blades skill increases to level 4!
Your Dodging skill increases to level 3!
Your Stealth skill increases to level 3!
You closely miss the orc priest. Your grab misses the orc priest.
You constrict the orc warrior, but do no damage.
The orc warrior hits you with a +0 mace of protection!
* * * LOW HITPOINT WARNING * * *
The orc priest hits you with a +0 dagger.
* * * LOW HITPOINT WARNING * * *
Unknown command.
Okay, then.
You hit the orc priest. You burn the orc priest. You grab the orc priest.
The orc priest is severely wounded.
You constrict the orc warrior, but do no damage.
You constrict the orc priest. The orc warrior closely misses you.
The orc priest looks satisfied for a moment.
You slash the orc priest! You burn the orc priest.
You kill the orc priest!
You constrict the orc warrior.
The orc warrior hits you with a +0 mace of protection!
You die...

#.###.# ..#
#.....# #.#
###.### #.#
###.####.# #.#
.........#
#.################
.........#
#................#
#...###.(#
#.###########.....
....# .#######.#
#.##.#
....###........oh#
#.##.#
.#)......#######)#
#.##.. .##.###..#
#.. #.##.. .##.#
.# ###. #.#...
.##.###..### ..
..#.## .##........
## ###...
.##..##..## ###.
.##).##..### #.
............ ##


You could see an orc warrior.

Vanquished Creatures
  An ice beast (D:4)
  A bombardier beetle (D:3)
  An orc priest (D:4)
  A sleepcap (D:4)
  3 orc wizards (D:4)
  2 hound zombies (D:3)
  Robin (D:3)
  3 adders
  5 dart slugs
  7 orcs
  7 ball pythons
  5 bats
  11 endoplasms
  7 giant cockroaches
  21 goblins
  8 hobgoblins
  2 quokkas
  3 frilled lizards
  8 kobolds
  7 rats
104 creatures vanquished.

Notes
Turn   | Place    | Note
-------+----------+-------------------------------------------
     0 | D:1      | Dorkslayer the Octopode Shapeshifter began the quest for
                  | the Orb.
     0 | D:1      | Reached XP level 1. HP: 13/13 MP: 1/1
    60 | D:1      | Found Tor Oram's Magic Scroll Shop.
   117 | D:1      | Reached XP level 2. HP: 18/18 MP: 2/2
   280 | D:1      | Reached XP level 3. HP: 22/23 MP: 3/3
   339 | D:1      | Found a faded altar of an unknown god.
   617 | D:1      | Reached skill level 1 in Stealth
   876 | D:2      | Identified the +7 long sword "Cefie" {flame, *Slow rN+
                  | SInv}
  1056 | D:2      | Reached XP level 4. HP: 28/28 MP: 4/4
  1532 | D:3      | Reached skill level 1 in Long Blades
  1548 | D:3      | Found a basalt altar of Yredelemnul.
  1638 | D:3      | Noticed Pargi
  1641 | D:3      | Reached XP level 5. HP: 23/33 MP: 5/5
  1803 | D:3      | Noticed Robin
  1806 | D:3      | Killed Robin
  1830 | D:3      | Found an opulent altar of Gozag.
  2344 | D:4      | Reached XP level 6. HP: 27/39 MP: 6/6
  2437 | D:4      | Noticed an ice beast
  2449 | D:4      | Killed an ice beast
  2763 | D:4      | Found a shimmering altar of Xom.
  2915 | D:4      | Noticed an orc warrior
  2924 | D:4      | Slain by an orc warrior

Illustrated notes

Levels and vault maps discovered:
D:1:      spicycebolla_green_bress_n_ham_2, layout_loops_ring, serial_shops,
          shop, hellmonk_ecumenical_altar_heavens_door,
          minmay_misc_feat_nine_boxes
D:2:      cheibrodos_old_hovel, layout_basic, st_stairs_11
D:3:      layout_loops_ring, mainiacjoe_overflow_catwalk,
          lemuel_zombie_altar_yredelemnul, nicolae_twisty_statue_hallways,
          uniq_robin, uniq_pargi
D:4:      layout_loops_ring, mainiacjoe_overflow_alcove_2

Skill      XL: |  1  2  3  4  5  6 |
---------------+-------------------+-----
Unarmed Combat | 4 |  4.1
Stealth        | 1 2 3 |  3.0
Long Blades    | 1 2 4 |  4.0
Fighting       | 2 |  2.3
Dodging        | 3 |  3.0
Shapeshifting  | |  3.5

Action                     |  1- 3 |  4- 6 || total
---------------------------+-------+-------++-------
  Melee: Unarmed           |    67 |       ||    67
         Constrict         |    20 |    22 ||    42
         Tentacles         |    15 |    12 ||    27
         Long sword        |     7 |    88 ||    95
         Punch             |     2 |     1 ||     3
    Use: Scroll            |       |     7 ||     7
         Potion            |       |     2 ||     2
   Stab: Sleeping          |    11 |     7 ||    18
 Armour: Skin              |    26 |    48 ||    74
  Dodge: Dodged            |    33 |    56 ||    89

Table legend: (Time is in decaauts)
 A = Elapsed time spent in this place.
 B = Non-inter-level travel time spent in this place.
 C = Inter-level travel time spent in this place.
 D = Time resting spent in this place.
 E = Time spent auto-exploring this place.
 F = Levels seen in this place.
 G = Mean time per level.
                   A        B        C        D        E       F      G
               +--------+--------+--------+--------+--------+-----+--------+
         Total |   2961 |   2961 |      0 |    103 |   1494 |   4 |  740.2 |
       Dungeon |   2961 |   2961 |      0 |    103 |   1494 |   4 |  740.2 |
               +--------+--------+--------+--------+--------+-----+--------+

Top non-repeatable levels by time:
     D:3: 834 daAuts
     D:2: 758 daAuts
     D:1: 724 daAuts
     D:4: 644 daAuts
